 Dungeon Crawl Stone Soup version 0.27-a0-819-g058290f16d (webtiles) character file.

Game seed: 10553593418126978907

10 snetch the Skirmisher (level 2, 0/28 HPs)
             Began as a Minotaur Berserker on Mar 29, 2021.
             Was a Follower of Trog.
             Slain by a goblin
             ... wielding a +0 dagger
              (3 damage)
             ... on level 1 of the Dungeon.
             The game lasted 00:00:44 (139 turns).

snetch the Skirmisher (Minotaur Berserker)           Turns: 139, Time: 00:00:44

Health: 0/28       AC:  3    Str: 21    XL:     2   Next: 10%
Magic:  1/1        EV: 11    Int:  4    God:    Trog [*.....]
Gold:   21         SH:  0    Dex:  9    Spells: 1/1 levels left

rFire    . . .     SeeInvis .   a - +0 hand axe
rCold    . . .     Faith    .   (no shield)
rNeg     . . .     Spirit   .   e - +0 leather armour
rPois    .         Reflect  .   (helmet restricted)
rElec    .         Harm     .   (no cloak)
rCorr    .         Rampage  .   (no gloves)
Will     .....                  (no boots)
Stlth    +.........             (no amulet)
HPRegen  0.09/turn              (no ring)
MPRegen  0.07/turn              (no ring)

@: no status effects
A: horns 2, retaliatory headbutt
a: Renounce Religion, Berserk


You were on level 1 of the Dungeon.
You worshipped Trog.
Trog was aware of your devotion.
You visited 1 branch of the dungeon, and saw 2 of its levels.

You collected 21 gold pieces.

Inventory:

Hand Weapons
 a - a +0 hand axe (weapon)
Missiles
 d - 19 stones
Armour
 e - a +0 leather armour (worn)
Scrolls
 c - a scroll of identify {unknown}


   Skills:
 + Level 4.3 Fighting
 + Level 3.7 Axes
 + Level 2.4 Armour
 + Level 2.1 Dodging


You had one spell level left.
You didn't know any spells.
Your spell library was empty.

Dungeon Overview and Level Annotations

Branches:
Dungeon (2/15)

Altars:


Innate Abilities, Weirdness & Mutations

You have a pair of horns on your head.
You reflexively headbutt those who attack you in melee.


Message History

A mysterious force pulls you upwards. The hatch slams shut behind you.
HP restored.
Found a stone staircase leading down.
Drop what? 5/52 slots (_ for help) (? for menu, Esc to quit)
You drop a +0 animal skin.
Found 2 boomerangs.
A goblin comes into view. It is wielding a +0 dagger.
There is a stone staircase leading down here.
You climb downwards.
An adder comes into view.
The adder bites you. The adder closely misses you.
There is a stone staircase leading up here.
You closely miss the adder. The adder bites you but does no damage.
The adder bites you.
You hit the adder but do no damage. The adder bites you.
You completely miss the adder. The adder bites you.
The adder closely misses you. You furiously retaliate!
You headbutt the adder. You closely miss the adder.
The adder is heavily wounded.
The adder misses you.
You closely miss the adder.
The adder is heavily wounded.
The adder completely misses you. The adder bites you.
You barely miss the adder.
The adder is heavily wounded.
The adder barely misses you.
You hit the adder.
The adder is severely wounded.
The adder bites you.
* * * LOW HITPOINT WARNING * * *
The adder barely misses you. You furiously retaliate!
You headbutt the adder. You slash the adder!
You kill the adder!
Trog accepts your kill.
Your Fighting skill increases to level 4!
You have reached level 2!
You climb upwards.
The goblin hits you with a +0 dagger.
* * * LOW HITPOINT WARNING * * *
The goblin hits you with a +0 dagger.
You die...

........♣#...........##
♣.≈≈≈.♣.♣#######......####
.≈≈8≈≈..♣ #..........
♣.≈≈≈.♣.♣ ###.#######
........♣ #[.# .♣♣.♣♣..#
##.## ♣♣P>P♣♣..# #..#
.#####..## ##.## .≈≈≈≈≈)..
#.@# ########## #...g#
#....# ......# ##.....#
......# #.#...(# ..#....#


You could see a goblin.

Vanquished Creatures
  An adder (D:2)
  An endoplasm (D:1)
2 creatures vanquished.

Notes
Turn   | Place    | Note
-------+----------+-------------------------------------------
     0 | D:1      | snetch the Minotaur Berserker began the quest for the Orb.
     0 | D:1      | Reached XP level 1. HP: 19/19 MP: 0/0
   138 | D:2      | Reached skill level 4 in Fighting
   138 | D:2      | Reached XP level 2. HP: 5/28 MP: 1/1
   139 | D:1      | Slain by a goblin

Illustrated notes

Levels and vault maps discovered:
D:1:      tarquinn_simple_flora_water_b, layout_rooms, minmay_distorted
D:2:      layout_basic, serial_shops, nicolae_shop_trees, serial_corexii_hall,
          corexii_hall_statues_x, corexii_hall_statues_s,
          corexii_hall_statues_i, minmay_pentomino_q2

Skill      XL: |  1 |
---------------+----+-----
Fighting       | 4 |  4.3
Axes           | |  3.7
Armour         | |  2.4
Dodging        | |  2.1

Action                   || total
-------------------------++-------
Melee: Hand axe          ||    10
Armor: Leather armour    ||     1
       Animal skin       ||     1
Dodge: Dodged            ||     6

Table legend: (Time is in decaauts)
 A = Elapsed time spent in this place.
 B = Non-inter-level travel time spent in this place.
 C = Inter-level travel time spent in this place.
 D = Time resting spent in this place.
 E = Time spent auto-exploring this place.
 F = Levels seen in this place.
 G = Mean time per level.
                   A        B        C        D        E       F      G
               +--------+--------+--------+--------+--------+-----+--------+
         Total |    143 |    131 |     12 |      0 |     38 |   2 |   71.5 |
       Dungeon |    143 |    131 |     12 |      0 |     38 |   2 |   71.5 |
               +--------+--------+--------+--------+--------+-----+--------+

Top non-repeatable levels by time:
     D:1: 97 daAuts
     D:2: 45 daAuts
